[Event "Tata Steel Chess, Group A"]
[Site "Wijk aan Zee, The Netherlands"]
[Date "2011.01.30"]
[Round "13"]
[White "Nepomniachtchi, Ian"]
[Black "Anand, Viswanathan"]
[Result "1/2-1/2"]
[ECO "B90"]
[WhiteElo "2733"]
[BlackElo "2810"]
[PlyCount "76"]
[EventDate "2011.01.14"]
[EventType "tourn"]
[EventRounds "13"]
[EventCountry "NED"]
[EventCategory "20"]
[Source "Wijk aan Zee"]
[SourceDate "2011.01.30"]
[WhiteTeam "Russia"]
[BlackTeam "India"]
[WhiteTeamCountry "RUS"]
[BlackTeamCountry "IND"]
[TimeControl "40/6000+30:20/3000+30:900+30"]

1. e4 c5 2. Nf3 d6 3. d4 cxd4 4. Nxd4 Nf6 5. Nc3 a6 6. Be3 e5 7. Nf3 Be7 8. Bc4
O-O 9. O-O Qc7 10. Nd5 Nxd5 11. Bxd5 Nd7 12. c4 Nf6 13. Qb3 Nxd5 14. cxd5 b5
15. Rfc1 Qb8 16. Qc3 f5 17. Qc7 Rf7 18. Nd2 Qxc7 19. Rxc7 Bd8 20. Rc6 Bd7 21.
Rxd6 Bc7 22. Rxd7 Rxd7 23. f3 f4 24. Bc5 Bd6 25. Bxd6 Rxd6 26. Nb3 Rc8 27. Rf1
Kf7 28. Na5 Rc2 29. Rf2 Rc1+ 30. Rf1 Rxf1+ 31. Kxf1 g5 32. Nc6 Kf6 33. b4 Rd7
34. h3 h5 35. Kf2 Rg7 36. Kf1 g4 37. hxg4 hxg4 38. Kf2 g3+ 1/2-1/2

[Event "Tata Steel Chess, Group A"]
[Site "Wijk aan Zee, The Netherlands"]
[Date "2011.01.30"]
[Round "13"]
[White "Shirov, Alexei"]
[Black "L'Ami, Erwin"]
[Result "1/2-1/2"]
[ECO "C83"]
[WhiteElo "2722"]
[BlackElo "2628"]
[PlyCount "70"]
[EventDate "2011.01.14"]
[EventType "tourn"]
[EventRounds "13"]
[EventCountry "NED"]
[EventCategory "20"]
[Source "Wijk aan Zee"]
[SourceDate "2011.01.30"]
[WhiteTeam "Spain"]
[BlackTeam "Netherlands"]
[WhiteTeamCountry "ESP"]
[BlackTeamCountry "NED"]
[TimeControl "40/6000+30:20/3000+30:900+30"]

1. e4 e5 2. Nf3 Nc6 3. Bb5 a6 4. Ba4 Nf6 5. O-O Nxe4 6. d4 b5 7. Bb3 d5 8. dxe5
Be6 9. Nbd2 Be7 10. c3 Nc5 11. Bc2 d4 12. Nb3 d3 13. Bb1 Nxb3 14. axb3 Bf5 15.
b4 O-O 16. Re1 Bg6 17. h3 a5 18. bxa5 Rxa5 19. Rxa5 Nxa5 20. e6 fxe6 21. Rxe6
c5 22. Qe1 Bf6 23. Bf4 c4 24. Bd6 Bf7 25. Bxf8 Bxe6 26. Bxg7 Bf7 27. Bxf6 Qxf6
28. Nd4 Nc6 29. Nxb5 Qg5 30. Nd6 Ne5 31. Qe4 Bg6 32. Qd5+ Kf8 33. Nxc4 Qc1+ 34.
Kh2 Qf4+ 35. Kg1 Qc1+ 1/2-1/2

[Event "Tata Steel Chess, Group A"]
[Site "Wijk aan Zee, The Netherlands"]
[Date "2011.01.30"]
[Round "13"]
[White "Wang Hao"]
[Black "Nakamura, Hikaru"]
[Result "1/2-1/2"]
[ECO "A62"]
[WhiteElo "2731"]
[BlackElo "2751"]
[PlyCount "44"]
[EventDate "2011.01.14"]
[EventType "tourn"]
[EventRounds "13"]
[EventCountry "NED"]
[EventCategory "20"]
[Source "Wijk aan Zee"]
[SourceDate "2011.01.30"]
[WhiteTeam "China"]
[BlackTeam "US of America"]
[WhiteTeamCountry "CHN"]
[BlackTeamCountry "USA"]
[TimeControl "40/6000+30:20/3000+30:900+30"]

1. d4 Nf6 2. c4 g6 3. g3 Bg7 4. Bg2 c5 5. d5 d6 6. Nc3 O-O 7. Nf3 e6 8. O-O
exd5 9. cxd5 Re8 10. a4 a6 11. Re1 Ne4 12. Ra3 Nxc3 13. bxc3 Nd7 14. c4 Rb8 15.
a5 b5 16. axb6 Rxb6 17. Bf4 Qc7 18. e4 Rb4 19. Bf1 a5 20. Bd2 Ne5 21. Nxe5 Bxe5
22. Bc3 Bd7 1/2-1/2